Unix NetHack Version 5.0.0-0 post-release - last build Jun 10 2026 00:39:30 (3ee93aec679c4c4259841fe613dc97188e26a321,branch:main).

Game began 2026-07-04 22:59:53, ended 2026-07-04 23:09:52.

Eymerich, chaotic male elven Priest

                                            ------------      ----------
                                            |..........|##    .........|
                                            |...........#     |........|
                                            |..........|######.........|
                                            -----.------      |........|
                                     #          ##            .........|
                                    #############0#           |..r@....|
                                    ##      #  ##             ----------
                                   ###     -------
                                     ####  |`._..|
                                        ## |.....|
                                         # |.....|
                                         # |.....|
                                         ##..>...|
                                           -------

Eymerich the Acolyte         St:11 Dx:10 Co:13 In:10 Wi:19 Ch:13  Chaotic
Dlvl:6  $:81 HP:0(25) Pw:48(48) AC:7  Xp:3 T:1386  Weak     Burdened

Latest messages:
 With great effort you move the boulder.
 You try to move the boulder, but in vain.
 You try to move the boulder, but in vain.
 In what direction?
 Crash!  You kick open a secret door!
 What do you want to eat? [eftzCHL or ?*]
 It is not so easy to open this tin.
 You succeed in opening the tin.
 It smells like newts.
 Eat it? [yn] (n)
 You consume sauteed newt.
 You feel a mild buzz.
 You fall down the stairs.
 The door resists!
 The door resists!
 The door resists!
 The door resists!
 The door opens.
 You are beginning to feel hungry.
 You step onto a level teleport trap!
 You feel disoriented.
 You materialize on a different level!
 You feel less confused now.
 You see here a scroll labeled GARVEN DEH.
 You have a little trouble lifting M - a scroll labeled GARVEN DEH.
 You hear the chime of a cash register.
 You see here 13 gold pieces.
 You see here a blindfold.
 You have a little trouble lifting N - a blindfold.
 You see here 13 gold pieces.
 You have a little trouble lifting $ - 13 gold pieces (81 in total).
 You see here a dusty spellbook.
 You have a little trouble lifting O - a dusty spellbook.
 You hear a door open.
 You see here a large box.
 Elf needs food, badly!
 You miss the rabid rat.
 The rabid rat bites!
 The rabid rat misses!
 You miss the rabid rat.
 The rabid rat bites!
 You hit the rabid rat!
 The rabid rat bites!
 You miss the rabid rat.
 The rabid rat just misses!
 The rabid rat bites!
 You hit the rabid rat.
 The rabid rat bites!
 You die...
 Do you want your possessions identified? [ynq] (y)

Inventory:
 Coins    ('$')
  $ - 81 gold pieces
 Weapons  (')')
  I - 11 +0 arrows
  J - 8 blessed rustproof +1 darts
  B - 10 +0 shuriken
  E - a blessed +2 dagger
  o - a cursed +2 flail
  a - a blessed +1 mace (weapon in right hand)
  K - a cursed -1 scimitar
 Armor    ('[')
  l - a +0 pair of low boots
  c - a blessed +0 small shield (being worn)
  b - a +0 robe (being worn)
 Comestibles  ('%')
  H - a candy bar labeled "Nilla Crunchie"
  e - a clove of garlic
  C - a lembas wafer
  L - a pear
  f - a sprig of wolfsbane
  z - a lichen corpse
 Scrolls  ('?')
  w - a scroll of confuse monster
  v - a cursed scroll of create monster
  A - a scroll of enchant armor
  M - a scroll of magic mapping
  p - 2 scrolls of teleportation
 Spellbooks  ('+')
  h - a spellbook of clairvoyance
  O - a spellbook of confuse monster
  g - a spellbook of light
 Potions  ('!')
  x - a potion of booze
  D - a potion of extra healing
  m - 6 potions of healing
  G - a potion of restore ability
  F - a potion of sickness
  d - 4 potions of holy water
 Rings    ('=')
  k - a cursed -3 ring of increase accuracy
  n - a ring of see invisible
 Tools    ('(')
  i - a wooden harp
  N - a blindfold
  q - a cursed skeleton key
 Gems/Stones  ('*')
  r - a cursed obsidian stone
  j - a worthless piece of violet glass
  y - a worthless piece of white glass
  s - 10 rocks (in quiver pouch)

Eymerich the Priest's attributes:

Background:
 You were an Acolyte, a level 3 elven Priest.
 You were chaotic, nominally on a mission for Anshar
 who was opposed by Anu (lawful) and Ishtar (neutral).
 You were right-handed.
 You were in the Dungeons of Doom, on level 6.
 You entered the dungeon 1386 turns ago.
 It was nighttime.
 You had 68 experience points, 12 more were needed to attain level 4.

Basics:
 You had 0 out of 25 hit points.
 You had all 48 energy points (spell power).
 Your armor class was 7.
 Your wallet contained 81 zorkmids.
 Autopickup was off.

Final Characteristics:
 Your strength was 11 (base:12, limit:18).
 Your dexterity was 10 (limit:18).
 Your constitution was 13 (limit:16).
 Your intelligence was 10 (limit:20).
 Your wisdom was 19 (limit:20).
 Your charisma was 13 (limit:18).

Final Status:
 You were weak from severe hunger.
 You were burdened; movement was slightly slowed.
 You were wielding a mace.
 You had basic skill with mace.

Final Attributes:
 You were devoutly aligned.
 You were poison resistant.
 You had infravision.
 You were guarded.
 Your spell casting was enhanced by wearing a robe.
 You are dead.

Miscellaneous:
 You didn't encounter any bones levels.
 Total elapsed playing time was 9 minutes and 57 seconds.

Major events:
 Turn
    1: Eymerich the chaotic elven Priest entered the dungeon
  880: attained the rank of Acolyte (level 3)
 1386: killed by a rabid rat

Spells:
 Name                 Level Category     Fail Retention
 light                  1   clerical       0%  91%-100%
 clairvoyance           3   divination    65%  76%-100%

Skills:
 Fighting Skills
   bare handed combat [Unskilled]
 Weapon Skills
   club               [Unskilled]
   mace               [Basic]
   morning star       [Unskilled]
   flail              [Unskilled]
   hammer             [Unskilled]
   quarterstaff       [Unskilled]
   polearms           [Unskilled]
   spear              [Unskilled]
   trident            [Unskilled]
   lance              [Unskilled]
   bow                [Unskilled]
   sling              [Unskilled]
   crossbow           [Unskilled]
   dart               [Unskilled]
   shuriken           [Unskilled]
   boomerang          [Unskilled]
   unicorn horn       [Unskilled]
 Spellcasting Skills
   healing spells     [Unskilled]
   divination spells  [Unskilled]
   clerical spells    [Basic]

Voluntary challenges:
 Character rerolling was not enabled.
 You were an atheist.
 You never genocided any monsters.
 You never polymorphed an object.
 You never changed form.
 You used no wishes.
Achievement:
 You attained the rank of Acolyte.

 The Dungeons of Doom: levels 1 to 6
    Level 1:
    Level 2: "vault"
       A fountain.
    Level 3:
       An altar.
    Level 4:
    Level 5:
    Level 6: <- You were here.
       An altar.
       Final resting place for
          you, killed by a rabid rat.


Vanquished creatures:
  a rock piercer
  a shrieker
  a hobbit
  a large kobold
  a hobgoblin
  2 giant rats
  a red mold
  a gecko
  a jackal
  a kobold
  4 grid bugs
  3 lichens
  a kobold zombie
  a newt
20 creatures vanquished.

No species were genocided or became extinct.

Game over:
                       ----------
                      /          \
                     /    REST    \
                    /      IN      \
                   /     PEACE      \
                  /                  \
                  |     Eymerich     |
                  |      81 Au       |
                  |   killed by a    |
                  |    rabid rat     |
                  |                  |
                  |                  |
                  |       2026       |
                 *|     *  *  *      | *
        _________)/\\_//(\/(/\)/\//\/|_)_______

Goodbye Eymerich the Priest...

You died in The Dungeons of Doom on dungeon level 6 with 605 points,
and 81 pieces of gold, after 1386 moves.
You were level 3 with a maximum of 25 hit points when you died.

